 Dungeon Crawl Stone Soup version 0.20-a0-910-gb611367 (webtiles) character file.

84 Gorice the Sneak (level 4, -1/24 HPs)
             Began as a Kobold Enchanter on Mar 24, 2017.
             Slain by a goblin
             ... wielding a +0 dagger
             ... led by Robin
              (3 damage)
             ... on level 3 of the Dungeon.
             The game lasted 00:13:50 (3020 turns).

Gorice the Sneak (Kobold Enchanter)                 Turns: 3020, Time: 00:13:50

Health: -1/24      AC:  5    Str:  6      XL:     4   Next: 74%
Magic:  3/7        EV: 15    Int: 16      God:
Gold:   160        SH:  0    Dex: 12 (15) Spells: 1/7 levels left

rFire    . . .     SeeInvis .   a - +1 dagger (venom)
rCold    . . .     Gourm    .   e - +0 robe
rNeg     . . .     Faith    .   (shield restricted)
rPois    .         Spirit   .   (no helmet)
rElec    .         Reflect  .   k - +1 cloak
rCorr    .         Harm     .   n - +0 pair of gloves
MR       .....                  (no boots)
Stlth    ++........             (no amulet)
Regen    0.1/turn               (no ring)
MPRegen  0.1/turn               (no ring)

@: hasted, very quick
A: carnivore 3
a: no special abilities


You were on level 3 of the Dungeon.
You were very full.

You visited 1 branch of the dungeon, and saw 3 of its levels.

You collected 160 gold pieces.

Inventory:

Hand Weapons
 a - a +1 dagger of venom (weapon)
   (You found it on level 3 of the Dungeon)
 b - a +0 hunting sling
 i - a +0 short sword
 v - a +1 dagger
 w - a +0 flail of holy wrath
   (You found it on level 3 of the Dungeon)
 x - a +0 vampiric spear
   (You took it off a goblin on level 3 of the Dungeon)
Missiles
 m - 59 sling bullets
 p - 31 poisoned needles
 Z - 107 stones (quivered)
Armour
 e - a +0 robe (worn)
 f - a +0 ring mail
 k - a +1 cloak (worn)
 n - a +0 pair of gloves (worn)
Scrolls
 g - 2 scrolls of recharging
 l - 2 scrolls of remove curse
 q - 4 scrolls of identify {unknown}
 r - a scroll of magic mapping {unknown}
 s - a scroll of teleportation {unknown}
Potions
 h - a potion of curing {unknown}
 j - a potion of lignification {!q}
 o - a potion of haste {!q}
 u - a potion of brilliance {unknown}
Books
 c - a book of Maledictions
Comestibles
 d - 2 meat rations {!e}
 t - 3 chunks of flesh


   Skills:
 + Level 3.3 Short Blades
 - Level 2.4 Dodging
 - Level 4.0 Stealth
 - Level 2.1 Spellcasting
 + Level 4.0 Hexes
 + Level 1.6 Ice Magic


You had one spell level left.
You knew the following spells:

 Your Spells              Type           Power        Failure   Level  Hunger
a - Corona                Hex            ##.....      4%          1    #......
b - Ensorcelled Hibernat  Hex/Ice        ##....       12%         2    ###....
c - Confuse               Hex            ##......     12%         3    ###....


Dungeon Overview and Level Annotations

Branches:
Dungeon (3/15)

Altars:
Cheibriados
Sif Muna
Xom
Yredelemnul

Annotations:
D:3 Robin


Innate Abilities, Weirdness & Mutations

You are small and have problems with some larger weapons.
You are carnivorous and can eat meat at any time.


Message History

Unknown command.
You hit the goblin but do no damage.
The goblin is moderately wounded.
The goblin hits you but does no damage. The goblin hits you with a dagger.
* * * LOW HITPOINT WARNING * * *
A goblin comes into view. It is wielding a club.
Damage: 1 (max 8)
The goblin shouts!
You hit the goblin but do no damage.
The goblin is moderately wounded.
Robin says, "Bow before me, strongest of all the hobgoblins!"
The goblin barely misses you. The goblin misses you.
You hit the goblin.
You kill the goblin!
Robin throws the goblin at you!
Things that are here:
a dagger; a goblin corpse You barely miss the goblin.
The goblin barely misses you. The goblin misses you.
You barely miss the goblin. The goblin hits you but does no damage.
Unknown command.
Unknown command.
Unknown command.
Unknown command.
Unknown command.
Casting: Corona
Confirm with . or Enter, or press ? or * to list all spells.
Aiming: Ensorcelled Hibernation
Press: ? - help, Shift-Dir - straight line, f - goblin
Aim: a goblin, wielding a dagger (unusually strong, chance to defeat MR: 59%)
The goblin resists with significant effort.
The goblin closely misses you. The goblin hits you with a dagger.
* * * LOW HITPOINT WARNING * * *
Damage: 6 (max 8)
Casting: Ensorcelled Hibernation
Confirm with . or Enter, or press ? or * to list all spells.
Aiming: Ensorcelled Hibernation
Press: ? - help, Shift-Dir - straight line, f/p - goblin
Aim: a goblin, wielding a dagger (unusually strong, chance to defeat MR: 59%)
The goblin looks drowsy...
The goblin closely misses you.
You closely miss the goblin. The goblin hits you.
* * * LOW HITPOINT WARNING * * *
The goblin shouts!
Damage: 2 (max 8) Unknown command.
Unknown command.
Unknown command.
It was a potion of haste.
You feel yourself speed up. The goblin completely misses you.
The goblin hits you with a dagger.
You die...

...# #...........##############..
...# #...........#.............?.
...####>....................###.#
...#.....#.......#..........# #.#
...#.....#.#######..........# #.#
...#.....#.# #..........###.#
...#.....#.## ######..##.#...#
............############.##.#.###
...............g@ggggg...........
#...<.......#.########..(.....###
#...........#.# #.#....#....
#...........#.# #........###
#...........#.#### ######..######
#...........#....# #.............
#...........####.# #.##..........
#...........####.###.#...........
.................................


You could see Robin, a hobgoblin and 4 goblins.

Vanquished Creatures
  2 adders (D:2)
  2 worms (D:2)
  2 dart slugs
  A giant cockroach (D:1)
  4 hobgoblins
  8 jackals
  7 kobolds
  3 quokkas
  A ball python (D:3)
  2 bats (D:2)
  5 frilled lizards
  8 goblins
  8 rats
53 creatures vanquished.

Notes
Turn   | Place    | Note
-------+----------+-------------------------------------------
     0 | D:1      | Gorice the Kobold Enchanter began the quest for the Orb.
     0 | D:1      | Reached XP level 1. HP: 10/10 MP: 3/3
    66 | D:1      | HP: 1/10 [hobgoblin/club (4)]
   379 | D:1      | Reached skill level 2 in Short Blades
   391 | D:1      | Reached XP level 2. HP: 12/15 MP: 0/5
   409 | D:1      | Learned a level 2 spell: Ensorcelled Hibernation
  1075 | D:2      | Reached XP level 3. HP: 19/19 MP: 6/6
  1678 | D:2      | HP: 3/19 [adder (3)]
  1963 | D:2      | Found a basalt altar of Yredelemnul.
  2003 | D:2      | Reached skill level 3 in Short Blades
  2003 | D:2      | Reached skill level 1 in Ice Magic
  2003 | D:2      | Reached XP level 4. HP: 22/24 MP: 2/7
  2214 | D:2      | Learned a level 3 spell: Confuse
  2251 | D:3      | Found a snail-covered altar of Cheibriados.
  2318 | D:3      | Reached skill level 4 in Hexes
  2332 | D:3      | Found a shimmering altar of Xom.
  2495 | D:2      | Found a deep blue altar of Sif Muna.
  2962 | D:3      | Noticed Robin
  3017 | D:3      | HP: 4/24 [goblin/dagger[Robin] (6)]
  3020 | D:3      | Slain by a goblin

Vault maps used:
D:1:      ncdulo_lavacross, minivault_25
D:2:      lemuel_upstairs_altar, lemuel_coloured_pillars_altar
D:3:      lemuel_crystal_altar, nicolae_overflow_crystal_walls, first_bread,
          uniq_robin

Skill      XL: |  1  2  3  4 |
---------------+-------------+-----
Short Blades   | 2 3 |  3.3
Ice Magic      | 1 |  1.6
Hexes          | 4 |  4.0
Dodging        | |  2.4
Stealth        | |  4.0
Spellcasting   | |  2.1

Action                   |  1- 3 |  4- 6 || total
-------------------------+-------+-------++-------
Melee: Dagger            |   115 |    72 ||   187
 Fire: Hunting sling     |       |     4 ||     4
Throw: Stone             |     4 |       ||     4
 Cast: Corona            |    16 |     5 ||    21
       Ensorcelled Hiber |    12 |    15 ||    27
  Use: Potion            |     4 |     1 ||     5
       Scroll            |     6 |     2 ||     8
 Stab: Sleeping          |    11 |    12 ||    23
  Eat: Chunk             |    13 |     4 ||    17
Armor: Robe              |    14 |    18 ||    32
       Skin              |    16 |       ||    16
Dodge: Dodged            |    70 |    54 ||   124

Table legend:
 A = Turns spent in this place as a percentage of turns spent in the entire game.
 B = Non-inter-level travel turns spent in this place as a percentage of non-inter-level travel turns spent in the entire game.
 C = Inter-level travel turns spent in this place as a percentage of turns spent in this place.
 D = Turns resting spent in this place as a percentage of non-inter-level travel turns spent in this place.
 E = Turns spent auto-exploring this place as a percentage of non-inter-level travel turns spent in this place.
 F = Non-inter-level travel turns spent in this place divided by the number of levels of this place that you've seen.
                   A       B       C       D       E      F
               +-------+-------+-------+-------+-------+----------------------
         Total | 100.0 | 100.0 |   0.3 |   3.6 |   4.9 | 388.7
       Dungeon | 100.0 | 100.0 |   0.3 |   3.6 |   4.9 | 388.7
               +-------+-------+-------+-------+-------+----------------------

Vault maps used:
D:1:      ncdulo_lavacross, minivault_25
D:2:      lemuel_upstairs_altar, lemuel_coloured_pillars_altar
D:3:      lemuel_crystal_altar, nicolae_overflow_crystal_walls, first_bread,
          uniq_robin
